 Dungeon Crawl Stone Soup version 0.27-a0-1188-g73eefd5def (webtiles) character file.

Game seed: 14635591225552482122

897 chippings the Grappler (level 8, -15/66 HPs)
             Began as a Ghoul Gladiator on May 21, 2021.
             Was a Follower of Okawaru.
             Killed by an exploding kobold (27 damage)
             ... ignited by their inner flame
             ... on level 5 of the Dungeon.
             The game lasted 00:08:23 (5712 turns).

chippings the Grappler (Ghoul Gladiator)            Turns: 5712, Time: 00:08:24

Health: -15/66     AC:  9    Str: 20    XL:     8   Next: 7%
Magic:  0/9        EV:  8    Int:  3    God:    Okawaru [*.....]
Gold:   183        SH:  0    Dex: 10    Spells: 7/7 levels left

rFire    . . .     SeeInvis .     - Unarmed
rCold    + . .     Faith    .   (no shield)
rNeg     + + +     Spirit   +   x - +0 chain mail
rPois    ∞         Reflect  .   b - +0 helmet
rElec    .         Harm     .   (no cloak)
rCorr    +         Rampage  .   (no gloves)
Will     .....                  (no boots)
Stlth    ..........             k - amulet of guardian spirit
HPRegen  0.21/turn              s - ring of resist corrosion
MPRegen  0.11/turn              (no ring)

@: confused, hasted, very quick
A: claws 1, cold resistance 1, negative energy resistance 3, inhibited
regeneration, torment resistance 2
a: Renounce Religion, Heroism


You were on level 5 of the Dungeon.
You worshipped Okawaru.
Okawaru was aware of your devotion.
You visited 2 branches of the dungeon, and saw 7 of its levels.

You collected 183 gold pieces.

Inventory:

Hand Weapons
 m - a +2 flail of protection
 o - a +0 vorpal mace
 u - a +2 vampiric war axe
Missiles
 c - 3 throwing nets
 w - 9 poisoned darts (quivered)
Armour
 b - a +0 helmet (worn)
 e - a +0 pair of gloves
 g - a +0 kite shield
 p - a +0 pair of boots
 x - a +0 chain mail (worn)
Jewellery
 k - an amulet of guardian spirit (around neck)
 s - a ring of resist corrosion (left claw)
 y - a ring of positive energy
Scrolls
 d - a scroll of amnesia {unknown}
 f - 2 scrolls of noise {unknown}
 h - a scroll of immolation
 i - a scroll of vulnerability {unknown}
 j - 6 scrolls of identify {unknown}
 n - a scroll of enchant weapon {unknown}
 q - 3 scrolls of enchant armour {unknown}
Potions
 l - 5 potions of haste
 r - a potion of curing {unknown}
 t - a potion of lignification {unknown}
 v - 2 potions of brilliance {unknown}
 z - a potion of magic {unknown}


   Skills:
 - Level 4.0 Fighting
 - Level 1.7 Throwing
 - Level 2.6 Dodging
 + Level 9.2 Unarmed Combat
 + Level 2.8 Invocations


You had 7 spell levels left.
You didn't know any spells.
Your spell library contained the following spells:

 Spells                   Type           Power      Damage    Failure   Level
 Magic Dart               Conj           0%         1d3       100%        1
 Blink                    Tloc           N/A        N/A       100%        2
 Call Imp                 Summ           0%         N/A       100%        2
 Slow                     Hex            0%         N/A       100%        2
 Conjure Flame            Conj/Fire      0%         6-21      100%        3
 Mephitic Cloud           Conj/Pois/Air  0%         N/A       100%        3


Dungeon Overview and Level Annotations

Branches:
Dungeon (6/15)             Temple (1/1) D:5

Altars:
Gozag
Hepliaklqana
Okawaru
Sif Muna
Trog

Annotations:
D:4 Blork the orc


Innate Abilities, Weirdness & Mutations

You thrive by killing the living.
You are immune to poison.
You have sharp fingernails.
Your flesh is cold resistant. (rC+)
You are immune to negative energy. (rN+++)
You do not regenerate when monsters are visible.
You are immune to unholy pain and torment.


Message History

The puff of flame hits you.
It was a potion of heal wounds.
You feel much better.
The orc wizard hits you with a +0 dagger of venom.
The orc wizard closely misses you.
The kobold hits you with a +0 short sword.
The orc wizard barely misses you. The orc wizard completely misses you.
You claw the orc wizard!
Flame seeps out of the orc wizard.
The orc wizard is heavily wounded.
The orc wizard is engulfed in blazing flames.
Flame seeps out of the orc wizard.
The orc wizard hits you with a +0 dagger of venom.
The kobold hits you but does no damage.
Unknown command.
You closely miss the orc wizard.
The orc wizard is almost dead.
The orc wizard gestures at you while chanting.
The magic dart hits you.
The orc wizard is engulfed in blazing flames.
Okawaru accepts your kill.
The orc wizard explodes!
The fiery explosion engulfs you!!!
Ouch! That really hurt!
* * * LOW HITPOINT WARNING * * *
The fiery explosion engulfs the orc wizard!!!
Okawaru accepts your kill.
You feel better.
The fiery explosion engulfs the orc wizard!!
Okawaru accepts your kill.
The orc wizard explodes!
The fiery explosion engulfs the orc wizard!!
Okawaru accepts your kill.
You can now gain great but temporary skills.
The fiery explosion engulfs you!
* * * LOW HITPOINT WARNING * * *
The fiery explosion engulfs the kobold!!
Okawaru accepts your kill.
You feel better.
The kobold explodes!
The fiery explosion engulfs you!!
You die...

#######'#....#...#..#......# #
#..........###...#..##.....# #
#................#...'.....# #
#...........###..#.###.....# #
#...........# #..#...+.....# #
#...........# #..#####.....# #
#...........###)§# #.....######
#...........##.§§#####...[.[.....
#.............§°@§§.....###......
#..............§§§§.....# #......
........................# #......
##########..............# #.....(
# #..............# #...... #####
#..............# #......
....######..............# #......
........................# #......
........................###......


There were no monsters in sight!

Vanquished Creatures
  Edmund (D:4)
  A sky beast (D:5)
  A necrophage (D:5)
  A phantom (D:4)
  2 scorpions
  3 hounds
  4 orc wizards (D:5)
  Natasha (thrice) (D:2)
  7 gnolls
  9 adders
  2 worms (D:2)
  A dart slug (D:2)
  6 orcs
  8 endoplasms
  5 giant cockroaches
  7 goblins
  6 hobgoblins
  7 jackals (D:1)
  6 quokkas
  5 ball pythons
  8 bats
  3 frilled lizards
  12 kobolds
  3 rats
111 creatures vanquished.

Notes
Turn   | Place    | Note
-------+----------+-------------------------------------------
     0 | D:1      | chippings the Ghoul Gladiator began the quest for the Orb.
     0 | D:1      | Reached XP level 1. HP: 17/17 MP: 0/0
    42 | D:1      | Reached XP level 2. HP: 20/25 MP: 1/1
   316 | D:1      | Reached XP level 3. HP: 31/31 MP: 2/2
   323 | D:1      | Reached skill level 4 in Unarmed Combat
   910 | D:1      | Found a faded altar of an unknown god.
  1240 | D:2      | Noticed Natasha
  1249 | D:2      | Killed Natasha
  1250 | D:2      | Reached XP level 4. HP: 17/40 MP: 3/3
  1739 | D:2      | Noticed Natasha
  1751 | D:2      | Killed Natasha
  1752 | D:2      | Reached skill level 5 in Unarmed Combat
  1752 | D:2      | Reached XP level 5. HP: 26/46 MP: 0/4
  1845 | D:2      | Noticed Natasha
  1851 | D:2      | Killed Natasha
  2332 | D:3      | Found a bloodstained altar of Trog.
  2577 | D:2      | Reached skill level 6 in Unarmed Combat
  2594 | D:2      | Reached XP level 6. HP: 10/52 MP: 3/5
  3280 | D:3      | Found an opulent altar of Gozag.
  3282 | D:3      | Found an iron altar of Okawaru.
  3665 | D:4      | Reached skill level 7 in Unarmed Combat
  3670 | D:4      | Noticed Blork the orc
  3984 | D:4      | Reached XP level 7. HP: 59/59 MP: 6/6
  4135 | D:4      | Noticed Edmund
  4164 | D:4      | Killed Edmund
  4165 | D:4      | Reached skill level 8 in Unarmed Combat
  4649 | D:4      | Found a shimmering blue altar of Sif Muna.
  4777 | D:3      | Became a worshipper of Warmaster Okawaru
  4868 | D:5      | Entered Level 5 of the Dungeon
  4935 | D:5      | Reached skill level 1 in Invocations
  4974 | D:5      | Reached skill level 9 in Unarmed Combat
  5202 | D:5      | Identified the +1 robe "Earthly Heaven" {Dex+4}
  5296 | D:5      | Found a staircase to the Ecumenical Temple.
  5308 | D:5      | Reached XP level 8. HP: 56/66 MP: 6/9
  5317 | Temple   | Entered the Ecumenical Temple
  5712 | D:5      | Reached * piety under Okawaru
  5712 | D:5      | Killed by an exploding kobold... ignited by their inner
                  | flame

Illustrated notes

Levels and vault maps discovered:
D:1:      minmay_arrival_jagged, layout_basic, chequers_ecumenical_altar_island,
          minivault_4, st_stairs_12, grunt_decor_junction
D:2:      layout_basic, minmay_fountain_box, minmay_octomino_e4, uniq_natasha
D:3:      layout_loops_ring, nicolae_overflow_crystal_walls,
          nicolae_overflow_hidden_temple, minivault_23,
          kennysheep_generic_room_6
D:4:      layout_loops_ring, tgw_sif, moated_statue, uniq_edmund
D:5:      layout_basic, minmay_temple_entry_offerings
D:6:      cheibrodos_barr_body, layout_rooms, kennysheep_little_box,
          sword_in_stone
Temple:   regret_index_temple_waves

Skill      XL: |  1  2  3  4  5  6  7 |
---------------+----------------------+-----
Fighting       | 3 4 |  4.0
Unarmed Combat | 4 5 6 7 9 |  9.2
Invocations    | 2 |  2.8
Throwing       | |  1.7
Dodging        | |  2.6

Action                   |  1- 3 |  4- 6 |  7- 9 || total
-------------------------+-------+-------+-------++-------
Melee: Unarmed           |   107 |   164 |    84 ||   355
       Punch             |       |     2 |     4 ||     6
Throw: Dart              |       |       |    10 ||    10
  Use: Potion            |       |       |     2 ||     2
       Scroll            |       |       |     1 ||     1
Armor: Leather armour    |    42 |    19 |       ||    61
       Ring mail         |       |    23 |     7 ||    30
       Chain mail        |       |       |    36 ||    36
Dodge: Dodged            |    71 |    76 |    43 ||   190

Table legend: (Time is in decaauts)
 A = Elapsed time spent in this place.
 B = Non-inter-level travel time spent in this place.
 C = Inter-level travel time spent in this place.
 D = Time resting spent in this place.
 E = Time spent auto-exploring this place.
 F = Levels seen in this place.
 G = Mean time per level.
                   A        B        C        D        E       F      G
               +--------+--------+--------+--------+--------+-----+--------+
         Total |   5681 |   5397 |    284 |    339 |   3678 |   7 |  811.6 |
       Dungeon |   5679 |   5395 |    284 |    339 |   3678 |   6 |  946.5 |
        Temple |      1 |      1 |      0 |      0 |      0 |   1 |    1.0 |
               +--------+--------+--------+--------+--------+-----+--------+

Top non-repeatable levels by time:
     D:2: 1307 daAuts
     D:4: 1221 daAuts
     D:3: 1174 daAuts
     D:1: 1143 daAuts
     D:5: 826 daAuts
     D:6: 6 daAuts
  Temple: 1 daAuts
